 Dungeon Crawl Stone Soup version 0.29.1-2-gbd0b4ee654 (webtiles) character file.

Game seed: 18303760213234782005

88 cdecastro the Magician (level 4, -2/32 HPs)
             Began as a Djinni Transmuter on Nov 4, 2022.
             Slain by Natasha (5 damage)
             ... on level 1 of the Dungeon on Nov 5, 2022.
             The game lasted 00:03:23 (2559 turns).

cdecastro the Magician (Djinni Transmuter)          Turns: 2559, Time: 00:03:24

Health: -2/32      AC:  2    Str:  9    XL:     4   Next: 82%
Gold:   36         EV: 12    Int: 16    God:
                   SH:  0    Dex: 14

rFire   + + .      SeeInvis .     - Unarmed
rCold   x . .      Faith    .   (no shield)
rNeg    . . .      Spirit   .   a - +0 robe
rPois   ∞          Reflect  .   (helmet currently unavailable)
rElec   .          Harm     .   (no cloak)
rCorr   .          Rampage  .   (no gloves)
Will    .....                   (boots unavailable)
Stlth   +.........              (no amulet)
HPRegen 0.10/turn               (no ring)
MPRegen 0.00/turn               (no ring)

@: appendages (expiring), flying, slowed, very slow
A: horns 2, flying, sickness immunity, fire resistance 2, cold vulnerability 1,
float, innate caster, HP casting, extra vitality 1
a: End Transformation


You were on level 1 of the Dungeon.
You had temporarily grown beastly horns.
You visited 1 branch of the dungeon, and saw 2 of its levels.

You collected 36 gold pieces.

Inventory:

Missiles
 d - 2 throwing nets
 g - a silver boomerang
 h - 4 stones
Armour
 a - a +0 robe (worn)
Scrolls
 c - a scroll of teleportation {unknown}
 f - a scroll of vulnerability {unknown}
Potions
 b - a potion of lignification
 e - a potion of ambrosia {unknown}


   Skills:
 - Level 1.0 Fighting
 - Level 2.1 Dodging
 - Level 3.0 Unarmed Combat
 + Level 3.5 Spellcasting


You couldn't memorise any spells.
You knew the following spells:

 Your Spells              Type           Power      Damage    Failure   Level
a - Beastly Appendage     Tmut           28%        N/A       4%          1
b - Wereblood             Tmut           14%        N/A       6%          2
c - Spider Form           Tmut/Pois      14%        N/A       12%         3
d - Ice Form              Ice/Tmut       14%        N/A       38%         4
e - Summon Small Mammal   Summ           56%        N/A       4%          1
Your spell library was empty.

Dungeon Overview and Level Annotations

Branches:
Dungeon (2/15)

Altars:

Annotations:
D:1 Natasha


Innate Abilities, Weirdness & Mutations

You have temporarily grown beastly horns.
You are flying.
You are immune to sickness and miasma.
You are immune to poison.
Your flesh is very heat resistant. (rF++)
You are vulnerable to cold. (rC-)
You float through the air rather than walking.
You learn spells naturally, not from books.
Your magical power is your life essence.
You have superior vitality. (+4 MHP)


Message History

Press: ? - help, Q - select action, (/) - cycle Dir - look around, f - activate You grow a pair of large bovine horns.
Natasha misses you.
Unknown command.
You completely miss Natasha. Your headbutt misses Natasha. Natasha claws you.
You hit Natasha.
Natasha is moderately wounded.
Natasha claws you!
You closely miss Natasha.
Natasha is moderately wounded.
Natasha claws you.
* * * LOW HITPOINT WARNING * * *
You completely miss Natasha.
Natasha is moderately wounded.
Natasha claws you.
* * * LOW HITPOINT WARNING * * *
You hit Natasha but do no damage.
Natasha is moderately wounded.
Natasha hisses.
Natasha barely misses you.
You closely miss Natasha.
Natasha is moderately wounded.
Natasha closely misses you.
You miss Natasha. Your headbutt misses Natasha.
Natasha is moderately wounded.
Your transformation is almost over.
Natasha barely misses you.
You hit Natasha. Your headbutt misses Natasha.
Natasha is heavily wounded.
Natasha casts a spell at you.
You feel yourself slow down.
You hit Natasha but do no damage.
Natasha is heavily wounded.
Natasha claws you!
* * * LOW HITPOINT WARNING * * *
Unknown command.
You closely miss Natasha.
Natasha is heavily wounded.
Natasha claws you.
You die...

############ #####
#..........# #...######
#.########.###
###....)...###.########.##.
#....................##.#.#
#........h.....####......##
#.##.##.##@†...>.........#
#.##.##.#####..#####..#..##
#.##.##.# #.........#.#.#
#.##.##.# #...###...#....
#.##.##.# #......[.......
#.##.##.# ###.#.####.......
#.##.##.# #.....# #...##..
#....##.###.#.### #...♣##.
#.#.........#.# #....###


You could see Natasha.

Vanquished Creatures
  Natasha (twice) (D:1)
  An adder (D:2)
  A worm (D:2)
  A dart slug (D:1)
  4 endoplasms
  A giant cockroach (D:1)
  4 goblins
  3 hobgoblins
  4 bats (D:1)
  3 kobolds (D:1)
  4 rats (D:1)
28 creatures vanquished.

Vanquished Creatures (others)
  A plant (D:1)
1 creature vanquished.

Grand Total: 29 creatures vanquished

Notes
Turn   | Place    | Note
-------+----------+-------------------------------------------
     0 | D:1      | cdecastro the Djinni Transmuter began the quest for the
                  | Orb.
     0 | D:1      | cdecastro set off with the following spells memorised:
                  | Beastly Appendage, Wereblood, Spider Form, Ice Form.
     0 | D:1      | Reached XP level 1. HP: 17/17 MP: 0/0
   446 | D:1      | Found a faded altar of an unknown god.
   493 | D:1      | Reached XP level 2. HP: 18/22 MP: 0/0
  1236 | D:1      | Reached XP level 3. HP: 18/27 MP: 0/0
  1236 | D:1      | Learned a level 1 spell: Summon Small Mammal
  1547 | D:2      | Noticed Natasha
  1562 | D:1      | Killed Natasha
  1809 | D:2      | Reached XP level 4. HP: 22/32 MP: 0/0
  2078 | D:1      | Noticed Natasha
  2416 | D:1      | Killed Natasha
  2430 | D:1      | Noticed Natasha
  2559 | D:1      | Slain by Natasha

Illustrated notes

Levels and vault maps discovered:
D:1:      denvon_arrival_planthouse, layout_loops_ring,
          shapermc_ecumenical_altar_flowoftime
D:2:      layout_rooms, uniq_natasha

Skill      XL: |  1  2  3 |
---------------+----------+-----
Spellcasting   | 2 3 |  3.5
Fighting       | |  1.0
Dodging        | |  2.1
Unarmed Combat | |  3.0

Action                   |  1- 3 |  4- 6 || total
-------------------------+-------+-------++-------
Melee: Unarmed           |    84 |    48 ||   132
       Headbutt          |     9 |     8 ||    17
       Punch             |     1 |     2 ||     3
Throw: Boomerang         |     3 |     3 ||     6
 Cast: Beastly Appendage |    14 |     7 ||    21
 Stab: Sleeping          |     1 |       ||     1
Armor: Robe              |    19 |     1 ||    20
Dodge: Dodged            |    76 |    29 ||   105
